 Dungeon Crawl Stone Soup version 0.26-a0-651-gb41185065b (webtiles) character file.

Game seed: 233717754213537916

(classic levelgen) 91 EnegeticOcto the Sneak (level 4, -11/40 HPs)
             Began as a Deep Dwarf Delver on Oct 24, 2020.
             Was an Initiate of Makhleb.
             Mangled by Prince Ribbit (17 damage)
             ... on level 6 of the Dungeon.
             The game lasted 00:01:59 (397 turns).

EnegeticOcto the Sneak (Deep Dwarf Delver)           Turns: 397, Time: 00:02:00

Health: -11/40     AC:  3    Str: 17    XL:     4   Next: 34%
Magic:  4/4        EV: 12    Int: 10    God:    Makhleb [......]
Gold:   42         SH:  0    Dex: 14    Spells: 3/3 levels left

rFire    . . .     SeeInvis .   a - +1 hand axe
rCold    . . .     Faith    .   (no shield)
rNeg     . . .     Spirit   .   b - +0 leather armour
rPois    .         Reflect  .   (no helmet)
rElec    .         Harm     .   (no cloak)
rCorr    .         Rampage  .   (no gloves)
MR       +....                  (no boots)
Stlth    +++.......             (no amulet)
HPRegen  0.00/turn              h - ring of protection from magic
MPRegen  0.09/turn              (no ring)

@: non-regenerating
A: damage resistance, heal wounds, sense surroundings 1, no regeneration
a: Heal Wounds, Renounce Religion


You were on level 6 of the Dungeon.
You worshipped Makhleb.
Makhleb was noncommittal.
You visited 2 branches of the dungeon, and saw 4 of its levels.

You collected 42 gold pieces.

Inventory:

Hand Weapons
 a - a +1 hand axe (weapon)
Armour
 b - a +0 leather armour (worn)
Jewellery
 h - a ring of protection from magic (left hand)
Wands
 g - a wand of digging (3) {@v3}
Scrolls
 c - a scroll of fog
 d - a scroll of magic mapping {@r5}
 e - a scroll of fear
 i - a scroll of identify {@r1}
Potions
 f - a potion of haste {@q4}
 j - a potion of invisibility
 k - a potion of heal wounds {@q2}


   Skills:
 - Level 2.8 Fighting
 * Level 4.1 Axes
 - Level 2.4 Dodging
 - Level 6.1 Stealth
 + Level 2.4 Invocations


You had 3 spell levels left.
You didn't know any spells.
Your spell library was empty.

Dungeon Overview and Level Annotations

Branches:
Dungeon (6/15)             Temple (1/1) D:4

Altars:
Ashenzari
Cheibriados
Dithmenos
Fedhas
Gozag
Hepliaklqana
Kikubaaqudgha
Makhleb
Nemelex Xobeh
Okawaru
Qazlal
Trog
Xom
Yredelemnul
Zin
The Shining One

Shops:
D:6 ?

Annotations:
D:6 Prince Ribbit


Innate Abilities, Weirdness & Mutations

You are resistant to damage.
You can heal yourself by infusing magical energy.
You passively map a small area around you.
You do not regenerate.


Message History

Prince Ribbit misses you.
You hit Prince Ribbit.
Prince Ribbit is moderately wounded.
Prince Ribbit barely misses you. Prince Ribbit closely misses you.
You hit Prince Ribbit.
Prince Ribbit is moderately wounded.
Prince Ribbit closely misses you. Prince Ribbit hits you!
You closely miss Prince Ribbit.
Prince Ribbit is moderately wounded.
Prince Ribbit hits you!
You are too injured to fight recklessly!
You are too injured to fight recklessly!
You are too injured to fight recklessly!
You are too injured to fight recklessly!
You are too injured to fight recklessly!
You are too injured to fight recklessly!
You are too injured to fight recklessly!
You are too injured to fight recklessly!
You are too injured to fight recklessly!
You are too injured to fight recklessly!
You feel much better. Prince Ribbit hits you!
You miss Prince Ribbit.
Prince Ribbit is moderately wounded.
Prince Ribbit completely misses you. Prince Ribbit hits you!
* * * LOW HITPOINT WARNING * * *
You are too injured to fight recklessly!
You are too injured to fight recklessly!
You are too injured to fight recklessly!
You are too injured to fight recklessly!
You are too injured to fight recklessly!
You are too injured to fight recklessly!
You are too injured to fight recklessly!
You are too injured to fight recklessly!
You are too injured to fight recklessly!
You feel much better. Prince Ribbit hits you.
You closely miss Prince Ribbit.
Prince Ribbit is moderately wounded.
Prince Ribbit barely misses you. x2
You closely miss Prince Ribbit.
Prince Ribbit is moderately wounded.
Prince Ribbit closely misses you.
You hit Prince Ribbit.
Prince Ribbit is heavily wounded.
Prince Ribbit closely misses you. Prince Ribbit hits you.
You miss Prince Ribbit.
Prince Ribbit is heavily wounded.
Prince Ribbit misses you.
You hit Prince Ribbit.
Prince Ribbit is heavily wounded.
Prince Ribbit blinks! x2
You hit Prince Ribbit.
Prince Ribbit is severely wounded.
Prince Ribbit hits you! x2
You are too injured to fight recklessly!
You are too injured to fight recklessly!
You are too injured to fight recklessly!
You are too injured to fight recklessly!
You are too injured to fight recklessly!
You are too injured to fight recklessly!
You are too injured to fight recklessly!
You are too injured to fight recklessly!
You are too injured to fight recklessly!
You are too injured to fight recklessly!
You are too injured to fight recklessly!
You are too injured to fight recklessly!
You are too injured to fight recklessly!
You feel much better. Prince Ribbit hits you.
You slash Prince Ribbit!
Prince Ribbit is severely wounded.
Prince Ribbit closely misses you. Prince Ribbit hits you.
You hit Prince Ribbit.
Prince Ribbit is almost dead.
Prince Ribbit blinks!
Prince Ribbit blinks!
No target in view!
No target in view!
No target in view!
No target in view!
No target in view!
No target in view!
No target in view!
No target in view!
No target in view!
No target in view!
No target in view!
No target in view!
No target in view!
You see here a potion of heal wounds {@q2}.
k - a potion of heal wounds {@q2} A bullfrog skeleton comes into view.
Prince Ribbit blinks!
Prince Ribbit closely misses you. Prince Ribbit hits you!
You barely miss Prince Ribbit.
Prince Ribbit is almost dead.
Prince Ribbit hits you!!
* * * LOW HITPOINT WARNING * * *
You hit Prince Ribbit.
Prince Ribbit is almost dead.
Prince Ribbit hits you!!
You die...

* , * , , ,, * , ,
*,.# .# * ., ,
..##.##, # ##.......#
# #........#########
#####.....Z..........#
.......##.##Z##......#
.......##.......@....#
*
.......##.##.##..F...#
######.##.##.##......#
# #..........###### #
#######.#### # #.# * #
#.# * * # ### *,, , *
, , * ,


You could see Prince Ribbit and a bullfrog skeleton.

Vanquished Creatures
  An orc wizard (D:4)
  A worker ant (D:4)
  3 adders (D:4)
  A shadow imp (D:4)
  2 orcs (D:4)
8 creatures vanquished.

Notes
Turn   | Place    | Note
-------+----------+-------------------------------------------
     0 | D:5      | EnegeticOcto the Deep Dwarf Delver began the quest for the
                  | Orb.
     0 | D:5      | Reached XP level 1. HP: 20/20 MP: 1/1
     4 | D:5      | Noticed a scorpion
    21 | D:4      | Found a staircase to the Ecumenical Temple.
    30 | Temple   | Entered the Ecumenical Temple
   124 | Temple   | Became a worshipper of Makhleb the Destroyer
   149 | D:4      | Reached XP level 2. HP: 27/27 MP: 2/2
   173 | D:4      | Reached skill level 1 in Invocations
   215 | D:4      | Reached XP level 3. HP: 19/33 MP: 1/3
   263 | D:4      | Reached XP level 4. HP: 32/40 MP: 4/4
   272 | D:4      | Found a shadowy altar of Dithmenos.
   316 | D:6      | Found Ygaepp's Magic Scroll Emporium.
   352 | D:6      | Noticed Prince Ribbit
   397 | D:6      | Mangled by Prince Ribbit

Illustrated notes

Levels and vault maps discovered:
D:4:      layout_loops_cross, marbit_many_paths, kennysheep_mini_moat,
          minmay_temple_entry_glass, minmay_mini_jars
D:5:      wander_river, layout_cave_pools, overflow_temple_1_default,
          nicolae_overflow_hidden_temple, wad_rectangle_vault,
          uniq_crazy_yiuf_cottage
D:6:      minmay_chambers_of_sixes, layout_loops_cross, serial_shops,
          nicolae_shop_waterfront, lightli_minifort, uniq_prince_ribbit1
Temple:   regret_index_temple_generic_petals

Skill      XL: |  1  2  3 |
---------------+----------+-----
Axes           | 3 4 |  4.1
Invocations    | 1 2 |  2.4
Fighting       | |  2.8
Dodging        | |  2.4
Stealth        | |  6.1

Action                   |  1- 3 |  4- 6 || total
-------------------------+-------+-------++-------
Melee: Hand axe          |    70 |    15 ||    85
 Abil: Heal Wounds       |     3 |     4 ||     7
  Use: Scroll            |       |     2 ||     2
Armor: Leather armour    |    22 |     1 ||    23
Dodge: Dodged            |    57 |    13 ||    70

Table legend: (Time is in decaauts)
 A = Elapsed time spent in this place.
 B = Non-inter-level travel time spent in this place.
 C = Inter-level travel time spent in this place.
 D = Time resting spent in this place.
 E = Time spent auto-exploring this place.
 F = Levels seen in this place.
 G = Mean time per level.
                   A        B        C        D        E       F      G
               +--------+--------+--------+--------+--------+-----+--------+
         Total |    409 |    362 |     47 |      0 |      0 |   4 |  102.2 |
       Dungeon |    292 |    266 |     26 |      0 |      0 |   3 |   97.3 |
        Temple |    116 |     95 |     21 |      0 |      0 |   1 |  116.0 |
               +--------+--------+--------+--------+--------+-----+--------+

Top non-repeatable levels by time:
     D:4: 168 daAuts
  Temple: 116 daAuts
     D:6: 83 daAuts
     D:5: 41 daAuts
